 Dungeon Crawl Stone Soup version 0.22.1-1-ga44c0e5 (webtiles) character file.

5958 Fang the Cleaver (level 10, -3/96 HPs)
             Began as a Gargoyle Berserker on Oct 31, 2018.
             Was a High Priest of Trog.
             Incinerated by a smoke demon (6 damage)
             ... with a sticky flame
             ... on level 1 of the Abyss on Nov 1, 2018.
             The game lasted 00:18:22 (11854 turns).

Fang the Cleaver (Gargoyle Berserker)              Turns: 11854, Time: 00:18:22

Health: -3/96      AC: 25    Str: 28      XL:     10   Next: 84%
Magic:  10/10      EV:  9    Int:  8 (9)  God:    Trog [*****.]
Gold:   928        SH:  0    Dex:  9      Spells: 9/9 levels left

rFire    . . .     SeeInvis .   G - +1 war axe (chop)
rCold    . . .     Gourm    .   (no shield)
rNeg     + + .     Faith    .   v - +0 plate armour
rPois    ∞         Spirit   .   (no helmet)
rElec    +         Reflect  .   w - +1 cloak
rCorr    .         Harm     .   (no gloves)
MR       .....                  (no boots)
Stlth    ..........             (no amulet)
HPRegen  0.26/turn              k - ring of positive energy
MPRegen  0.12/turn              D - +3 ring of protection

@: berserking, liquid flames, glowing, very quick
A: negative energy resistance 1, electricity resistance, unbreathing,
petrification resistance, rot immunity, AC +7
a: Berserk, Trog's Hand, Brothers in Arms, Renounce Religion


You were on level 1 of the Abyss.
You worshipped Trog.
Trog was extremely pleased with you.
You were not hungry.

You visited 2 branches of the dungeon, and saw 10 of its levels.
You visited the Abyss 1 time.
You also visited: Sewer.

You collected 928 gold pieces.

Inventory:

Hand Weapons
 B - a +2 hand axe of flaming
 C - a +0 battleaxe
 G - a +1 war axe of chopping (weapon)
Armour
 u - a +3 ring mail of fire resistance
 v - a +0 plate armour (worn)
 w - a +1 cloak (worn)
Jewellery
 k - a ring of positive energy (left hand)
 D - a +3 ring of protection (right hand)
 F - a +2 ring of strength {unknown}
Wands
 a - a wand of digging (25)
 n - a wand of flame (25)
Scrolls
 b - a scroll of noise {unknown}
 e - 7 scrolls of teleportation {unknown}
 i - 7 scrolls of identify {unknown}
 j - 4 scrolls of enchant armour {unknown}
 m - 3 scrolls of fog {unknown}
 p - a scroll of immolation {unknown}
 q - 5 scrolls of remove curse {unknown}
 r - 3 scrolls of magic mapping {unknown}
 s - 2 scrolls of amnesia {unknown}
 x - 2 scrolls of enchant weapon {unknown}
 y - 2 scrolls of fear {unknown}
 E - a scroll of holy word {unknown}
Potions
 d - 2 potions of heal wounds
 f - a potion of mutation {unknown}
 g - 2 potions of curing {unknown}
 h - 2 potions of degeneration {unknown}
 l - a potion of ambrosia {unknown}
 o - 2 potions of flight {unknown}
 t - a potion of berserk rage {unknown}
 z - 2 potions of invisibility
 A - a potion of lignification {unknown}
Comestibles
 c - 12 rations


   Skills:
 + Level 8.1 Fighting
 + Level 11.0 Axes
 + Level 7.6 Armour
 + Level 4.0 Dodging
 + Level 2.7 Stealth


You had 9 spell levels left.
You didn't know any spells.
Your spell library was empty.

Dungeon Overview and Level Annotations

Branches:
Dungeon (9/15)             Temple (1/1) D:5
   Lair: D:8-11         Orc: D:9-12

Altars:
Dithmenos
Kikubaaqudgha
Okawaru
Ru
Xom
The Shining One

Annotations:
D:9 Erolcha, Maurice


Innate Abilities, Weirdness & Mutations

You are resistant to torment.
Your stone body is resilient. (AC +7)
You are immune to poison.
You resist negative energy. (rN+)
You are resistant to electric shocks. (rElec)
You can survive without breathing.
You are immune to petrification.
You are immune to rotting.


Message History

The smoke demon gestures at you. The sticky flame hits you!
You are covered in liquid flames!
The flayed ghost hits you but does no damage.
You slash the large abomination!
The large abomination is moderately damaged.
You slash the flayed ghost!
You hit the smoke demon but do no damage.
You are covered in liquid flames!
You feel less confused.
The orange demon stings you but does no damage.
The large abomination closely misses you.
The flayed ghost hits you but does no damage.
The smoke demon gestures at you. Something smites you!
* * * LOW HITPOINT WARNING * * *
A red film seems to cover your vision as you go berserk!
You feel yourself moving faster!
You feel mighty!
You feel a lot more hungry.
You are covered in liquid flames!
You die...

# .. ...... #.
#.#. ..# ## .#
### # # .. .
#.## .#. .#.#.
. #####...#. .
.#. #
#.....#.#.#..
# .. .
.#.#...#. #.#
##..#..
#.##.#W##. .
#.#.. #
#....3@.##.###
... #
#....GX##. ..
# # #.....4.#
....... ..#
...####..# #.
. # # # ##
.!## .. . ..#
# .. ...# .##
# .. . .#..##
..#.. .....# .
.#.. ..# . ##
#


You could see a flayed ghost, a glowing orange brain, an orange demon, a large
abomination and a smoke demon.

Vanquished Creatures
  2 two-headed ogres
  Prince Ribbit (D:7)
  A slime creature (D:7)
  A yak (D:5)
  A small abomination (Abyss:1)
  A water moccasin (D:9)
  4 orc warriors
  2 ogres
  3 sky beasts
  3 necrophages
  2 centaurs
  A big kobold (D:7)
  A crocodile (Sewer)
  A bullfrog (D:7)
  A wyvern zombie (D:8)
  4 scorpions
  A wyvern skeleton (D:8)
  10 killer bees (D:9)
  5 wights (D:6)
  3 howler monkeys
  4 crimson imps
  A quasit (D:6)
  A centaur skeleton (D:9)
  5 orc priests
  Crazy Yiuf (D:4)
  4 bullfrog skeletons
  2 jellies
  An iguana (D:6)
  An iron imp (Abyss:1)
  Terence (D:3)
  8 orc wizards
  7 worker ants
  Natasha (thrice) (D:2)
  A hound zombie (D:5)
  A hound skeleton (D:4)
  11 adders
  4 gnolls (D:5)
  2 shadow imps
  An ooze (D:4)
  An adder zombie (D:5)
  3 adder skeletons
  4 worms (D:3)
  2 dart slugs
  5 leopard geckos
  43 orcs
  5 ball pythons
  7 giant cockroaches
  9 goblins
  3 hobgoblins
  13 jackals
  8 kobolds
  3 quokkas
  A ball python skeleton (D:4)
  11 bats
  3 frilled lizards
  A quokka skeleton (D:9)
  16 rats
  A fungus (D:4)
246 creatures vanquished.

Notes
Turn   | Place    | Note
-------+----------+-------------------------------------------
     0 | D:1      | Fang the Gargoyle Berserker began the quest for the Orb.
     0 | D:1      | Reached XP level 1. HP: 14/14 MP: 1/1
   257 | D:1      | Reached XP level 2. HP: 2/20 MP: 2/2
   701 | D:1      | Reached skill level 3 in Axes
  1048 | D:1      | Reached XP level 3. HP: 24/24 MP: 3/3
  1158 | D:1      | Reached ** piety under Trog
  1640 | D:2      | Found an iron altar of Okawaru.
  1735 | D:2      | Reached skill level 1 in Stealth
  1749 | D:2      | Noticed Natasha
  1755 | D:2      | Killed Natasha
  1755 | D:2      | Reached XP level 4. HP: 26/29 MP: 4/4
  1918 | D:2      | Found a faded altar of an unknown god.
  2073 | D:2      | Noticed Natasha
  2085 | D:2      | Killed Natasha
  2639 | D:2      | Noticed Natasha
  2651 | D:2      | Killed Natasha
  2651 | D:2      | Reached skill level 4 in Axes
  2651 | D:2      | Reached XP level 5. HP: 19/33 MP: 5/5
  3308 | D:3      | Found a glowing drain.
  3340 | Sewer    | Entered a sewer
  3342 | Sewer    | Reached *** piety under Trog
  3497 | Sewer    | Noticed a crocodile
  3507 | Sewer    | Killed a crocodile
  3507 | Sewer    | Reached XP level 6. HP: 39/39 MP: 6/6
  4051 | D:3      | Noticed Terence
  4086 | D:3      | Killed Terence
  5210 | D:4      | Reached skill level 5 in Axes
  5210 | D:4      | Reached XP level 7. HP: 30/44 MP: 7/7
  5678 | D:4      | Found a runed door.
  5915 | D:4      | Noticed Crazy Yiuf
  5922 | D:4      | Killed Crazy Yiuf
  6019 | D:5      | Entered Level 5 of the Dungeon
  6024 | D:5      | Noticed a yak
  6030 | D:5      | Reached skill level 5 in Fighting
  6039 | D:5      | Killed a yak
  6203 | D:5      | Found a staircase to the Ecumenical Temple.
  6315 | D:5      | Found a glowing golden altar of the Shining One.
  6497 | Temple   | Entered the Ecumenical Temple
  6579 | D:5      | Found an ancient bone altar of Kikubaaqudgha.
  6660 | D:5      | Reached **** piety under Trog
  6660 | D:5      | Reached skill level 6 in Axes
  6660 | D:5      | Reached XP level 8. HP: 41/49 MP: 8/8
  6787 | D:5      | Found a shadowy altar of Dithmenos.
  7427 | D:6      | HP: 2/50 [iguana (8)]
  7456 | D:6      | HP: 2/51 [wight/great sword (4)]
  7470 | D:6      | Reached skill level 7 in Axes
  7807 | D:6      | Found a shimmering altar of Xom.
  7807 | D:6      | Found a shimmering altar of Xom.
  7807 | D:6      | Found a shimmering altar of Xom.
  7808 | D:6      | Found a shimmering altar of Xom.
  7808 | D:6      | Found a shimmering altar of Xom.
  7814 | D:6      | Found a shimmering altar of Xom.
  7814 | D:6      | Found a shimmering altar of Xom.
  8237 | D:6      | Reached skill level 8 in Axes
  8237 | D:6      | Reached XP level 9. HP: 41/55 MP: 9/9
  8899 | D:7      | Found a sacrificial altar of Ru.
  8909 | D:7      | Noticed Prince Ribbit
  8929 | D:7      | Killed Prince Ribbit
  9120 | D:7      | Reached skill level 5 in Armour
  9161 | D:7      | Reached skill level 9 in Axes
  9379 | D:7      | Noticed a two-headed ogre
  9393 | D:7      | Killed a two-headed ogre
  9826 | D:7      | Reached XP level 10. HP: 60/63 MP: 10/10
 10232 | D:8      | Reached ***** piety under Trog
 10277 | D:8      | Noticed a two-headed ogre
 10288 | D:8      | Killed a two-headed ogre
 10288 | D:8      | Reached skill level 10 in Axes
 11566 | D:9      | Noticed Maurice
 11706 | D:9      | Noticed Erolcha
 11707 | D:9      | Cast into level 1 of the Abyss (Erolcha)
 11827 | Abyss:1  | Noticed a glowing orange brain
 11842 | Abyss:1  | Noticed a flayed ghost
 11842 | Abyss:1  | Noticed a smoke demon
 11842 | Abyss:1  | Noticed an orange demon
 11845 | Abyss:1  | Reached skill level 11 in Axes
 11853 | Abyss:1  | HP: 2/64 [smoke demon/divine providence[a glowing orange
                  | brain] (14)]
 11854 | Abyss:1  | Incinerated by a smoke demon

Skill      XL: |  1  2  3  4  5  6  7  8  9 10 |
---------------+-------------------------------+-----
Axes           | 3 4 5 6 8 9 11 | 11.0
Dodging        | 2 3 4 |  4.0
Stealth        | 1 2 |  2.7
Fighting       | 4 5 6 7 8 |  8.1
Armour         | 3 6 7 |  7.6

Action                   |  1- 3 |  4- 6 |  7- 9 | 10-12 || total
-------------------------+-------+-------+-------+-------++-------
Melee: Hand axe          |   132 |   199 |   478 |   162 ||   971
       War axe           |       |       |       |    83 ||    83
Invok: Berserk           |     1 |     6 |     6 |     2 ||    15
 Stab: Sleeping          |     2 |     5 |       |       ||     7
  Eat: Chunk             |     3 |     9 |    19 |     7 ||    38
       Ration            |       |     2 |     1 |     1 ||     4
Armor: Animal skin       |    60 |    61 |       |       ||   121
       Ring mail         |       |    10 |    79 |       ||    89
       Plate armour      |       |       |   226 |   197 ||   423
Dodge: Dodged            |   117 |   144 |   197 |   103 ||   561
